 Dungeon Crawl Stone Soup version 0.23.2-1-ga50397a (webtiles) character file.

Game seed: 10913169499797454919

341 Fang the Skirmisher (level 6, 0/40 HPs)
             Began as a Gargoyle Berserker on Apr 25, 2019.
             Was a Priest of Trog.
             Killed from afar by Sigmund (6 damage)
             ... with a magic dart
             ... on level 4 of the Dungeon.
             The game lasted 00:07:32 (3676 turns).

Fang the Skirmisher (Gargoyle Berserker)            Turns: 3676, Time: 00:07:33

Health: 0/40       AC:  6    Str: 22    XL:     6   Next: 56%
Magic:  6/6        EV: 12    Int:  8    God:    Trog [***...]
Gold:   275        SH:  0    Dex:  9    Spells: 5/5 levels left

rFire    . . .     SeeInvis .   a - +0 hand axe
rCold    . . .     Gourm    .   (no shield)
rNeg     + . .     Faith    .   b - +0 animal skin
rPois    ∞         Spirit   .   (no helmet)
rElec    +         Reflect  .   (no cloak)
rCorr    .         Harm     .   (no gloves)
MR       .....                  (no boots)
Stlth    +.........             (no amulet)
HPRegen  0.13/turn              (no ring)
MPRegen  0.10/turn              (no ring)

@: berserk cooldown, slowed, very slow
A: negative energy resistance 1, electricity resistance, unbreathing,
petrification resistance, rot immunity, AC +4
a: Berserk, Trog's Hand, Renounce Religion


You were on level 4 of the Dungeon.
You worshipped Trog.
Trog was most pleased with you.
You were very hungry.

You visited 1 branch of the dungeon, and saw 4 of its levels.

You collected 275 gold pieces.

Inventory:

Hand Weapons
 a - a +0 hand axe (weapon)
Armour
 b - a +0 animal skin (worn)
Wands
 o - a wand of iceblast (10)
Scrolls
 d - 6 scrolls of identify {unknown}
 f - a scroll of blinking {unknown}
 n - a scroll of teleportation {unknown}
 p - a scroll of magic mapping {unknown}
 q - a scroll of noise {unknown}
Potions
 e - a potion of haste {unknown}
 g - 2 potions of invisibility {unknown}
 h - a potion of lignification {unknown}
 i - 3 potions of mutation {unknown}
 j - a potion of agility {unknown}
 k - a potion of ambrosia {unknown}
 l - a potion of curing {unknown}
 m - 2 potions of flight {unknown}
Comestibles
 c - 5 rations


   Skills:
 + Level 4.8 Fighting
 + Level 4.0 Axes
 + Level 4.1 Armour
 + Level 3.0 Dodging


You had 5 spell levels left.
You didn't know any spells.
Your spell library was empty.

Dungeon Overview and Level Annotations

Branches:
Dungeon (4/15)
 Temple: D:4-7

Altars:
Makhleb
Ru
Xom

Annotations:
D:4 Eustachio, Sigmund


Innate Abilities, Weirdness & Mutations

You are resistant to torment.
Your stone body is resilient. (AC +4)
You are immune to poison.
You resist negative energy. (rN+)
You are resistant to electric shocks. (rElec)
You can survive without breathing.
You are immune to petrification.
You are immune to rotting.


Message History

You see here a +0 short sword.
You feel a strong urge to attack something.
There is a stone staircase leading up here.
You see here a leopard gecko corpse.
You are no longer berserk.
You are exhausted.
You feel yourself slow down.
The crimson imp blinks!
Eustachio casts a spell.
Something hits you!
* * * LOW HITPOINT WARNING * * *
Eustachio mumbles some strange words.
The iron imp shouts, "Crawl home, thou artless hedge-born bounder!"
Eustachio zaps a wand.
The puff of flame hits something.
Something hits you.
* * * LOW HITPOINT WARNING * * *
You're too confused to move!
You feel less confused.
You hear some strange, mumbled words.
A magic dart appears from out of thin air!
The magic dart hits you.
You die...

#.# ####..# #.# #.....#
#.###.#÷#.# #.##......#
#..#.#.# # #......# .#
##.##.....########.#
..........5@..<)...#####
####.......####@........
#.......# ######....
..........^. ..
#..........###
............
...........##
#####.....##


You could see Eustachio and an iron imp.

Vanquished Creatures
  A crimson imp (D:3)
  An orc wizard (D:3)
  An iguana (D:4)
  Jessica (D:2)
  Terence (D:2)
  Robin (D:3)
  7 adders
  An ooze (D:2)
  4 worms
  A dart slug (D:1)
  5 leopard geckos
  6 orcs
  A ball python (D:3)
  3 bats
  5 giant cockroaches
  21 goblins
  13 hobgoblins
  6 jackals
  A quokka (D:2)
  3 frilled lizards
  10 kobolds
  5 rats
  3 fungi (D:1)
  A toadstool (D:1)
102 creatures vanquished.

Vanquished Creatures (others)
  2 fungi (D:1)
  4 toadstools (D:1)
6 creatures vanquished.

Grand Total: 108 creatures vanquished

Notes
Turn   | Place    | Note
-------+----------+-------------------------------------------
     0 | D:1      | Fang the Gargoyle Berserker began the quest for the Orb.
     0 | D:1      | Reached XP level 1. HP: 14/14 MP: 1/1
    93 | D:1      | Reached XP level 2. HP: 19/19 MP: 2/2
   314 | D:1      | Reached XP level 3. HP: 21/23 MP: 3/3
   466 | D:1      | Reached ** piety under Trog
   863 | D:2      | Noticed Jessica
   878 | D:2      | Killed Jessica
   878 | D:2      | Reached XP level 4. HP: 10/29 MP: 4/4
  2118 | D:2      | Reached XP level 5. HP: 32/33 MP: 5/5
  2146 | D:2      | Noticed Terence
  2160 | D:2      | Killed Terence
  2567 | D:3      | Noticed Robin
  2578 | D:3      | Reached *** piety under Trog
  2599 | D:3      | Killed Robin
  2754 | D:3      | Reached XP level 6. HP: 30/39 MP: 6/6
  3064 | D:3      | Found a sacrificial altar of Ru.
  3156 | D:3      | Found a shimmering altar of Xom.
  3161 | D:3      | Found a burning altar of Makhleb.
  3166 | D:3      | Paralysed by a crimson imp for 4 turns
  3630 | D:4      | Noticed Sigmund
  3631 | D:4      | Noticed Eustachio
  3676 | D:4      | Killed from afar by Sigmund

Skill      XL: |  1  2  3  4  5  6 |
---------------+-------------------+-----
Axes           | 3 4 |  4.0
Dodging        | 2 3 |  3.0
Armour         | 3 4 |  4.1
Fighting       | 4 |  4.8

Action                   |  1- 3 |  4- 6 || total
-------------------------+-------+-------++-------
Melee: Hand axe          |   107 |   306 ||   413
Invok: Berserk           |       |     2 ||     2
 Stab: Sleeping          |       |     1 ||     1
  Eat: Chunk             |       |    10 ||    10
Armor: Animal skin       |    42 |   101 ||   143
Dodge: Dodged            |    77 |   223 ||   300
